 Dungeon Crawl Stone Soup version 0.32-a0-558-g233958a4c4 (webtiles) character file.

Game seed: 13823583528378295286

2491504 mopl the Teletunneler (level 27, 206/222 HPs)
             Began as a Formicid Warper on Feb 29, 2024.
             Was the Champion of Cheibriados.
             Escaped with the Orb
             ... and 4 runes on Mar 1, 2024!
             The game lasted 03:38:01 (64306 turns).

mopl the Teletunneler (Formicid Warper)            Turns: 64306, Time: 03:38:02

Health: 206/222    AC: 41    Str: 43    XL:     27
Magic:  31/33      EV: 27    Int: 36    God:    Cheibriados [******]
Gold:   5799       SH: 25    Dex: 28    Spells: 9/36 levels left

rFire   + + .        a - +9 triple sword (elec)
rCold   + + .        g - +0 tower shield
rNeg    + . .        D - +8 gold dragon scales
rPois   +            (helmet unavailable)
rElec   +            X - +1 cloak "Inor" {Will++ rCorr}
rCorr   +            e - +0 pair of gloves of the gadgeteer {Gadgeteer Wandboost ^Fragile}
SInv    +            Y - +3 pair of mountain boots {steadfast, rC+}
Will    ++++.        w - amulet of regeneration Stlth
                     d - ring "Sumaev" {rF+ EV+5 Str+6 Stlth-}
HPRegen 1.37/turn    K - ring of the Illusory Wonders {Fly rElec rN+}
MPRegen 0.23/turn

%: no passive effects
@: flying, studying Dodging, very slow
A: permanent stasis, dig shafts and tunnels, antennae 3, four strong arms,
talons 1, iridescent scales 1, mutation resistance 1
0: Orb of Zot
}: 4/15 runes: barnacled, slimy, silver, gossamer
a: Dig, Shaft Self, Renounce Religion, Bend Time, Temporal Distortion, Slouch,
Step From Time


You escaped.
You worshipped Cheibriados.
Cheibriados was exalted by your worship.
You visited 12 branches of the dungeon, and saw 56 of its levels.
You also visited: Bailey, Gauntlet and Wizlab.

You collected 8444 gold pieces.
You spent 2645 gold pieces at shops.

Inventory:

Hand Weapons
 a - a +9 triple sword of electrocution (weapon)
 b - the +12 great sword of Reapportionment {freeze, Fly rElec Will++ Dex-4}
   (You found it on level 5 of the Pits of Slime)

   Dex-4:     It affects your dexterity (-4).
   rElec:     It insulates you from electricity.
   Will++:    It greatly increases your willpower.
   Fly:       It grants you flight.
 J - a +9 vampiric great sword
 M - the +7 lajatang of Order {silver, rMut}
   (You found it on level 5 of the Vaults)

   rMut:      It protects you from mutation.
 P - a +3 spectral double sword
 U - a +4 eudemon blade of holy wrath
Missiles
 c - 20 darts of dispersal
 h - 11 javelins
 i - 7 throwing nets
 n - 41 boomerangs (quivered)
 B - 21 silver javelins
Armour
 e - the +0 pair of gloves of the gadgeteer (worn) {Gadgeteer Wandboost ^Fragile}
   (You found it on level 1 of the Shoals)

   Gadgeteer: Your evocable items recharge 30% faster and wands have a 30%
   chance to not spend a charge.
   Wandboost: Your wands are more powerful.
   ^Fragile:  It will be destroyed if unequipped.
 g - a +0 tower shield (worn)
 D - +8 gold dragon scales (worn)
 X - the +1 cloak "Inor" (worn) {Will++ rCorr}
   (You bought it in a shop on level 7 of the Dungeon)

   Will++:    It greatly increases your willpower.
   rCorr:     It protects you from acid and corrosion.
 Y - the +3 pair of mountain boots (worn) {steadfast, rC+}
   (You found it on level 3 of the Elven Halls)

   Steadfast: It prevents involuntary movement, except for blinking,
   teleportation, or banishment.
   rC+:       It protects you from cold.
Jewellery
 d - the ring "Sumaev" (left hand) {rF+ EV+5 Str+6 Stlth-}
   (You took it off a vampire mage on level 3 of the Depths)

   [ring of evasion]

   EV+5:      It affects your evasion (+5).
   Str+6:     It affects your strength (+6).
   rF+:       It protects you from fire.
   Stlth-:    It makes you less stealthy.
 m - the ring "Kufib" {rC+ rN+ AC+4}
   (You bought it in a shop on level 1 of the Orcish Mines)

   [ring of protection]

   AC+4:      It affects your AC (+4).
   rC+:       It protects you from cold.
   rN+:       It protects you from negative energy.
 w - an amulet of regeneration (around neck)
 E - the amulet "Zygaef" {Reflect rF+ rCorr Int+3 SH+5}
   (You found it on level 1 of the Shoals)

   [amulet of reflection]

   Reflect:   It reflects blocked missile attacks.
   Int+3:     It affects your intelligence (+3).
   rF+:       It protects you from fire.
   rCorr:     It protects you from acid and corrosion.
   SH+5:      It affects your SH (+5).
 G - the ring of Fyhuwoth {+Blink Will+ Str+6 Dex+6}
   (You took it off a tengu reaver on level 3 of the Depths)

   [ring of strength]

   Str+6:     It affects your strength (+6).
   Dex+6:     It affects your dexterity (+6).
   Will+:     It increases your willpower.
   +Blink:    It lets you blink.
 H - the ring of the Genius {rC+ rCorr Slay+4}
   (You took it off a vampire mage on level 3 of the Depths)

   [ring of slaying]

   Slay+4:    It affects your accuracy & damage with ranged weapons and melee
   (+4).
   rC+:       It protects you from cold.
   rCorr:     It protects you from acid and corrosion.
 K - the ring of the Illusory Wonders (right hand) {Fly rElec rN+}
   (You found it on level 5 of the Pits of Slime)

   [ring of flight]

   rElec:     It insulates you from electricity.
   rN+:       It protects you from negative energy.
   Fly:       It grants you flight.
 O - the ring "Himudokh" {rF+ rN+ rCorr Int+3}
   (You acquired it on level 2 of the Crypt)

   [ring of resist corrosion]

   Int+3:     It affects your intelligence (+3).
   rF+:       It protects you from fire.
   rN+:       It protects you from negative energy.
   rCorr:     It protects you from acid and corrosion.
Wands
 f - a wand of polymorph (20)
 j - a wand of iceblast (49)
 o - a wand of charming (31)
 x - a wand of quicksilver (16)
 N - a wand of mindburst (30)
 S - a wand of digging (15)
Scrolls
 k - 14 scrolls of fear
 l - 11 scrolls of fog
 s - 10 scrolls of vulnerability
 y - 2 scrolls of summoning
 W - 5 scrolls of silence {!r}
Potions
 p - 3 potions of cancellation
 q - 10 potions of lignification {!q}
 r - 5 potions of mutation {!q}
 t - 3 potions of heal wounds
 z - 24 potions of curing
 A - 5 potions of magic
 C - 4 potions of might
 F - 9 potions of ambrosia
 I - 3 potions of invisibility
 L - 5 potions of brilliance
 Q - 8 potions of attraction
 R - 9 potions of enlightenment
 V - a potion of resistance
Miscellaneous
 u - a phantom mirror
 v - a sack of spiders
 T - a condenser vane
 Z - a lightning rod (4/4)


   Skills:
 + Level 19.3 Fighting
 - Level 22.0 Long Blades
 + Level 12.6 Throwing
 + Level 18.4 Armour
 + Level 16.7 Dodging
 - Level 20.0 Shields
 - Level 5.0 Spellcasting
 O Level 27 Translocations
 - Level 14.0 Invocations
 + Level 13.4 Evocations


You had 9 spell levels left.
You knew the following spells:

 Your Spells              Type           Power      Damage    Failure   Level
a - Manifold Assault      Tloc           100%       N/A       0%          4
b - Lesser Beckoning      Tloc           100%       N/A       0%          2
c - Iskenderun's Mystic   Conj/Tloc      82%        2d16      1%          4
d - Dispersal             Tloc           58%        N/A       1%          6
f - Dimensional Bullseye  Hex/Tloc       41%        N/A       1%          4
t - Teleport Other        Tloc           100%       N/A       0%          3
P - Passage of Golubria   Tloc           100%       N/A       0%          4

Your spell library contained the following spells:

 Spells                   Type           Power      Damage    Failure   Level
 Apportation              Tloc           100%       N/A       0%          1
 Gell's Gravitas          Tloc           100%       N/A       0%          3
 Momentum Strike          Conj/Tloc      100%       3d10      1%          2
 Volatile Blastmotes      Fire/Tloc      100%       2d18      1%          3
 Summon Forest            Summ/Tloc      41%        N/A       3%          5
 Foxfire                  Conj/Fire      36%        2x1d5     30%         1
 Kiss of Death            Conj/Necr      36%        2d8       30%         1
 Magic Dart               Conj           36%        1d4       30%         1
 Necrotise                Necr           36%        1d5       30%         1
 Sandblast                Erth           18%        2d7       30%         1
 Shock                    Conj/Air       36%        1d5       30%         1
 Sting                    Conj/Alch      36%        1d5       30%         1
 Summon Small Mammal      Summ           36%        N/A       30%         1
 Call Imp                 Summ           18%        N/A       41%         2
 Cigotuvi's Dreadful Rot  Necr/Alch/Air  18%        N/A       41%         2
 Ensorcelled Hibernation  Hex/Ice        18%        N/A       41%         2
 Jinxbite                 Hex            18%        N/A       41%         2
 Mercury Vapours          Alch/Air       18%        N/A       41%         2
 Static Discharge         Conj/Air       18%        3-4/arc   41%         2
 Sublimation of Blood     Necr           9%         N/A       41%         2
 Call Canine Familiar     Summ           9%         N/A       65%         3
 Confusing Touch          Hex            9%         N/A       65%         3
 Dazzling Flash           Conj/Hex       18%        N/A       65%         3
 Frozen Ramparts          Ice            18%        1d3       65%         3
 Fugue of the Fallen      Necr           9%         N/A       65%         3
 Hailstorm                Conj/Ice       9%         3d6       65%         3
 Mephitic Cloud           Conj/Alch/Air  9%         N/A       65%         3
 Ozocubu's Armour         Ice            9%         N/A       65%         3
 Passwall                 Erth           9%         N/A       65%         3
 Sigil of Binding         Hex            9%         N/A       65%         3
 Stone Arrow              Conj/Erth      18%        3d8       65%         3
 Tukima's Dance           Hex            9%         N/A       65%         3
 Vampiric Draining        Necr           9%         2d6       65%         3
 Airstrike                Air            4%         2d(1-17)  96%         4
 Anguish                  Hex/Necr       4%         N/A       96%         4
 Animate Armour           Summ/Erth      18%        N/A       96%         4
 Animate Dead             Necr           9%         N/A       96%         4
 Brom's Barrelling Bould  Conj/Erth      9%         2d3       96%         4
 Cause Fear               Hex            4%         N/A       96%         4
 Dispel Undead            Necr           9%         3d8       96%         4
 Fulminant Prism          Conj/Alch      4%         3d5       96%         4
 Ignite Poison            Fire/Alch      9%         N/A       96%         4
 Leda's Liquefaction      Alch/Erth      4%         N/A       96%         4
 Martyr's Knell           Necr/Summ      9%         N/A       96%         4
 Olgreb's Toxic Radiance  Alch           9%         N/A       96%         4
 Petrify                  Alch/Erth      9%         N/A       96%         4
 Sticky Flame             Fire/Alch      9%         2d5       96%         4
 Summon Blazeheart Golem  Fire/Summ      9%         N/A       96%         4
 Summon Lightning Spire   Summ/Air       9%         N/A       96%         4
 Alistair's Intoxication  Alch           6%         N/A       100%        5
 Borgnjor's Vile Clutch   Necr/Erth      4%         N/A       100%        5
 Curse of Agony           Necr           9%         N/A       100%        5
 Fireball                 Conj/Fire      4%         3d4       100%        5
 Irradiate                Conj/Alch      4%         3d13      100%        5
 Lee's Rapid Deconstruct  Erth           4%         3d5*      100%        5
 Metabolic Englaciation   Hex/Ice        4%         N/A       100%        5
 Silence                  Hex/Air        4%         N/A       100%        5
 Summon Mana Viper        Hex/Summ       9%         N/A       100%        5
 Bombard                  Conj/Erth      4%         9d2       100%        6
 Conjure Ball Lightning   Conj/Air       4%         3x3d6     100%        6
 Death Channel            Necr           4%         N/A       100%        6
 Eringya's Noxious Bog    Alch           4%         4d6       100%        6
 Sculpt Simulacrum        Ice/Alch       4%         N/A       100%        6
 Starburst                Conj/Fire      4%         6d4       100%        6
 Summon Cactus Giant      Summ           4%         N/A       100%        6
 Enfeeble                 Hex            4%         N/A       100%        7
 Ozocubu's Refrigeration  Ice            4%         4d8       100%        7
 Summon Hydra             Summ           4%         N/A       100%        7
 Borgnjor's Revivificati  Necr           4%         N/A       100%        8
 Discord                  Hex            4%         N/A       100%        8
 Ignition                 Fire           4%         3d4       100%        8
 Infestation              Necr           4%         N/A       100%        8
 Lehudib's Crystal Spear  Conj/Erth      4%         10d3      100%        8
 Maxwell's Capacitive Co  Air            4%         ∞         100%        8
 Death's Door             Necr           4%         N/A       100%        9
 Dragon's Call            Summ           4%         N/A       100%        9
 Polar Vortex             Ice            4%         N/A       100%        9
 Blink                    Tloc           Unusable   N/A       N/A         2
 Vhi's Electric Charge    Tloc/Air       Unusable   N/A       N/A         4
 Swiftness                Air            Unusable   N/A       N/A         3

Dungeon Overview and Level Annotations

Branches:
Dungeon (15/15)            Temple (1/1) D:6            Lair (5/5) D:8
 Shoals (4/4) Lair:3       Spider (4/4) Lair:3        Slime (5/5) Lair:4
    Orc (2/2) D:10            Elf (3/3) Orc:2        Vaults (5/5) D:14
  Crypt (3/3) Vaults:2       Tomb (0/3) Crypt:3      Depths (4/4) D:15
    Zot (5/5) Depths:4     Bailey (visited)          WizLab (visited)
Gauntlet (visited)

Altars:
Ashenzari
Cheibriados
Dithmenos
Elyvilon
Fedhas
Gozag
Hepliaklqana
Kikubaaqudgha
Makhleb
Nemelex Xobeh
Okawaru
Qazlal
Ru
Sif Muna
Trog
Uskayaw
Vehumet
Wu Jian
Xom
Yredelemnul
Zin
The Shining One
Beogh
Jiyva

Shops:
D:7 [   D:14 (   D:15 =(   Orc:1 =   Orc:2 ?*[[:   Elf:1 [   Vaults:2 *
Vaults:3 *   Depths:1 *

Portals:
Hell: Depths:1 Depths:2 Depths:3 Depths:4
Abyss: Depths:2 Depths:3 Depths:4
Pandemonium: Depths:1 Depths:2
Ziggurat: Depths:1
Trove: Vaults:3 (give 14 potions of heal wounds)


Innate Abilities, Weirdness & Mutations

You cannot be hasted, slowed, berserked, paralysed or teleported.
You can dig through walls and to a lower floor.
You have a pair of large antennae on your head. (SInv)
Your four strong arms can wield two-handed weapons with a shield.
You have sharp toenails.
You are partially covered in iridescent scales. (AC +2)
You are somewhat resistant to further mutation.


Message History

No target in view!
There is a staircase leading out of the dungeon here.
Saving game... please wait.
Welcome back, mopl the Formicid Warper.
Cheibriados says: Take it easy.
Press ? for a list of commands and other information.
You feel extremely strange.
You feel agile.
You regain control of your magic.
Your talons dull and shrink into feet.
You feel more energetic.
Your skin functions as natural camouflage.
You feel frail.
You feel extremely strange.
Your iridescent scales disappear.
You feel robust.
You feel yourself wasting away.
You feel extremely strange.
Your skin no longer functions as natural camouflage.
You feel healthier.
Your fingernails lengthen.
Your system partially rejects the healing effects of potions.
You feel resistant to heat.
You feel extremely strange.
Your fingernails shrink to normal size.
Your system completely accepts the healing effects of potions.
You no longer feel heat resistant.
Your toenails lengthen and sharpen.
You feel genetically stable.
Iridescent scales grow over part of your body.
Unknown command.
Saving game... please wait.
Welcome back, mopl the Formicid Warper.
Cheibriados says: Take it easy.
Welcome back, mopl the Formicid Warper.
Cheibriados says: Take it easy.
Press ? for a list of commands and other information.
Okay, then.
Your +9 triple sword of electrocution stops crackling.
c - 20 darts of dispersal (in hand)
You hear the crackle of electricity.
a - a +9 triple sword of electrocution (weapon)
Unknown command.
Unknown command.
You have escaped!

~..#.## #.####.##....#
..#.#.###.# #.#....##
.#.###.##.# #.#.....#
..## ##.>.####.###..###
##.###.##......#......#
##.#.....#######...###
##.###### #....# ###
##..#.## #@#.#.>#
########


There were no monsters in sight!

Vanquished Creatures
  the Royal Jelly (Slime:5)
  4 dread liches
  Khufu (Crypt:2)
  3 orbs of fire (Zot:5)
  9 ancient liches
  2 pandemonium lords (Zot:5)
  2 royal mummies (Crypt:2)
  Sojobo (Depths:3)
  3 Killer Klowns (Zot:5)
  4 caustic shrikes (Depths:4)
  Nikola (Elf:3)
  10 golden dragons
  2 bone dragons (Crypt:3)
  the Enchantress (Depths:4)
  A mutant beast (WizLab)
  A Brimstone Fiend (Zot:4)
  A Tzitzimitl (D:11)
  Norris (Vaults:1)
  3 doom hounds (Depths:2)
  4 electric golems
  A Hell Sentinel (D:10)
  Zenata (Vaults:1)
  2 shard shrike skeletons (Crypt:3)
  16 tentacled monstrosities
  7 liches
  The ghost of Xecaleth the Tortoise, an adept GrFi of Makhleb (Crypt:2)
  Grunn (Depths:2)
  Asterion (Vaults:1)
  8 titans
  A walking crystal tome (Depths:4)
  2 walking frostbound tomes (Depths:3)
  5 deep elf master archers (Elf:3)
  27 Orb Guardians
  4 deep elf blademasters (Elf:3)
  7 sphinxes
  11 quicksilver dragons
  17 acid blobs
  8 ancient champions
  The ghost of TobyConnect the Skinwalker, an adept TrCK of Xom (Spider:4)
  Polyphemus (Shoals:3)
  Agnes (D:14)
  7 shadow dragons
  4 krakens
  12 death cobs
  Roxanne (D:14)
  22 storm dragons
  The ghost of GrimJard the Severer, an adept MDFi of Lugonu (Shoals:1)
  Aizul (Shoals:1)
  6 tengu reavers
  11 azure jellies
  A daeva (D:7)
  12 rockslimes
  8 draconian knights
  6 draconian monks
  4 deep elf sorcerers (Elf:3)
  16 fire giants
  2 draconian shifters (Zot:2)
  10 frost giants
  3 balrugs
  7 draconian scorchers
  4 curse skulls
  4 emperor scorpions
  3 iron dragons
  2 cacodemons
  Louise (Elf:3)
  An orc warlord (Vaults:3)
  16 vault wardens
  10 ghost moths
  14 quicksilver oozes
  5 spriggan defenders
  3 deep elf elementalists (Elf:3)
  3 ghouls
  9 ironbound preservers
  8 draconian stormcallers
  13 ironbound thunderhulks
  13 stone giants
  5 formless jellyfish
  2 reapers
  33 very ugly things
  6 green draconians
  2 juggernaut skeletons (Crypt:3)
  5 draconian annihilators
  14 deep elf death magi
  11 black draconians
  6 vampire knights
  3 deep elf demonologists
  2 demonspawn black suns (Depths:3)
  A minotaur (Gauntlet)
  13 red draconians
  6 white draconians
  4 deep elf annihilators (Elf:3)
  12 purple draconians
  8 dire elephants
  4 spark wasps
  2 lorocyprocas
  5 war gargoyles
  9 merfolk impalers
  12 ettins
  A green death (D:15)
  8 yellow draconians
  7 eidola
  An acid blob zombie (Crypt:1)
  A quicksilver dragon zombie (Crypt:2)
  An entropy weaver (shapeshifter) (Elf:1)
  3 mummy priests (Crypt:2)
  11 jiangshi
  5 merfolk javelineers
  8 fire dragons
  A spectral kraken (Shoals:1)
  3 deep elf high priests
  Josephine (D:9)
  2 crystal guardians
  12 yaktaur captains
  Fannar (D:11)
  7 entropy weavers
  Erolcha (Orc:2)
  A sphinx zombie (Crypt:2)
  3 rakshasas
  11 ice dragons
  40 vault guards
  2 salamander tyrants
  A jorogumo (Spider:4)
  20 great orbs of eyes
  A quicksilver dragon skeleton (Crypt:3)
  An alligator snapping turtle (Shoals:1)
  23 centaur warriors
  3 hell beasts
  6 hydras
  8 spriggan air magi
  3 catoblepae
  2 peacekeepers
  A spriggan skeleton (Crypt:3)
  6 death knights
  3 ogre magi
  11 radroaches
  5 merfolk aquamancers
  A two-headed ogre (shapeshifter) (WizLab)
  The ghost of Konar the Skirmisher, a journeyman CoHs of Okawaru (D:10)
  27 dancing weapons
  8 ironbound frosthearts
  2 satyrs
  8 two-headed ogres
  2 merfolk avatars
  4 boulder beetles
  Urug (Lair:2)
  2 tengu warriors (D:14)
  An azure jelly zombie (Crypt:2)
  4 orc high priests (Orc:2)
  A death scarab (Spider:3)
  5 demonic crawlers
  8 deep troll earth magi
  7 spriggan berserkers
  17 death yaks
  6 deep troll shamans
  8 vampire magi
  17 deep elf knights
  An occultist (Depths:1)
  Amaemon (D:8)
  A spectral emperor scorpion (Spider:4)
  2 shadow wraiths
  6 iron trolls
  4 hell knights (Vaults:5)
  An emperor scorpion zombie (Crypt:2)
  4 skysharks
  2 sun demons (Depths:3)
  3 soul eaters
  81 skeletal warriors
  3 sixfirhies
  8 pharaoh ants
  A sea snake (shapeshifter) (WizLab)
  2 spectral ghost moths (Spider:4)
  13 orb spiders
  2 spectral spark wasps
  A death drake (shapeshifter) (WizLab)
  A storm dragon skeleton (Crypt:2)
  2 flayed ghosts
  A sun moth (Spider:2)
  An orb spider (shapeshifter) (Vaults:4)
  10 sea snakes
  4 glowing orange brains
  A sun moth (shapeshifter) (WizLab)
  4 steelbarb worms
  12 arcanists
  2 spectral jorogumos (Spider:4)
  A kraken simulacrum (Shoals:1)
  A spectral broodmother (Spider:4)
  8 necromancers
  39 deep trolls
  An obsidian statue (Zot:5)
  4 anaconda skeletons
  6 lindwurms
  21 deep elf archers
  22 ironbound convokers
  2 iron giant skeletons (Crypt:3)
  5 orc knights
  2 lindwurms (shapeshifter) (WizLab)
  A steelbarb worm (shapeshifter) (WizLab)
  2 thermic dynamos (Elf:3)
  2 alligator zombies
  14 phantasmal warriors
  A shadow dragon skeleton (Crypt:3)
  3 orc sorcerers
  23 deep elf zephyrmancers
  18 harpies
  24 deep elf pyromancers
  13 manticores
  41 ugly things
  5 salamanders
  19 wolf spiders
  2 shining eyes (shapeshifter)
  4 cyclopes
  10 fauns
  23 moths of wrath
  5 shining eyes
  9 large abominations
  4 meliai
  3 kobold blastminers
  A meliai (shapeshifter) (WizLab)
  An alligator skeleton (Crypt:2)
  8 merfolk sirens
  2 black mambas
  3 fauns (shapeshifter)
  Maurice (D:7)
  A dire elephant zombie (Crypt:3)
  79 slime creatures
  A spectral alligator snapping turtle (Shoals:1)
  An alligator snapping turtle zombie (Crypt:1)
  2 rust devils
  A human skeleton (Crypt:3)
  2 smoke demons
  4 torpor snails
  3 water nymphs
  36 elephants
  11 vault sentinels
  A stone giant skeleton (Crypt:3)
  11 cane toads
  A centaur skeleton (Crypt:3)
  A gargoyle (D:13)
  An eye of devastation (Slime:2)
  Maggie (D:8)
  A water nymph (shapeshifter) (WizLab)
  5 orange demons
  11 komodo dragons
  A torpor snail (shapeshifter) (Vaults:5)
  A rime drake (Lair:2)
  A cane toad (shapeshifter) (Elf:1)
  7 freezing wraiths
  43 yaktaurs
  A yaktaur (shapeshifter) (WizLab)
  A grey draconian zombie (Crypt:3)
  2 hellions
  2 naga skeletons (Crypt:3)
  An alligator snapping turtle skeleton (Crypt:3)
  A komodo dragon (shapeshifter) (WizLab)
  3 kobold demonologists
  2 tengu conjurers (Depths:1)
  A ghost moth simulacrum (Spider:4)
  An ice devil (Zot:5)
  26 merfolk
  A purple draconian skeleton (Crypt:1)
  A guardian mummy (Crypt:2)
  3 trolls
  A merfolk (shapeshifter) (WizLab)
  A green draconian skeleton (Crypt:3)
  A troll (shapeshifter) (D:14)
  A polar bear (shapeshifter) (WizLab)
  3 polar bears
  8 wind drakes
  A jorogumo simulacrum (Spider:4)
  2 queen bees (shapeshifter)
  10 glass eyes
  8 hornets
  31 tarantellas
  A glass eye (shapeshifter) (Depths:3)
  12 snapping turtles
  20 blink frogs
  Prince Ribbit (Bailey)
  12 dream sheep
  A death drake skeleton (Crypt:1)
  An ettin zombie (Crypt:1)
  A harpy skeleton (Crypt:1)
  A slime creature (shapeshifter) (WizLab)
  4 air elementals
  27 jumping spiders
  A jumping spider (shapeshifter) (Elf:1)
  Sigmund (D:3)
  3 centaur simulacra
  An ettin skeleton (Crypt:3)
  2 spriggans (shapeshifter)
  4 spriggans
  2 vampires
  14 wraiths
  14 culicivoras
  A naga simulacrum (Crypt:1)
  2 shadows
  44 yaks
  2 ynoxinuls (Gauntlet)
  10 small abominations
  2 hogs (shapeshifter)
  10 water elementals
  5 humans
  3 wyverns
  A basilisk (shapeshifter) (WizLab)
  A black mamba skeleton (Crypt:3)
  4 golden eyes
  A steam dragon (shapeshifter) (Elf:1)
  2 fire elementals (Elf:3)
  5 basilisks
  A redback (shapeshifter) (WizLab)
  A steam dragon (D:7)
  5 vampire mosquitoes
  3 death yak simulacra (Shoals:1)
  A chaos spawn (Depths:3)
  69 redbacks
  3 wargs
  An iron golem (WizLab)
  2 sea snake simulacra (Shoals:1)
  A yaktaur simulacrum (Vaults:3)
  A harpy simulacrum (Shoals:1)
  A glowing shapeshifter zombie (Crypt:1)
  3 acid dragons
  17 water moccasins
  A spectral snapping turtle (Shoals:1)
  A water nymph skeleton (Crypt:3)
  An ice beast (D:8)
  A sky beast (D:5)
  4 black bears
  10 ogres
  25 orc warriors
  A radroach simulacrum (Spider:4)
  2 satyr simulacra (Shoals:1)
  4 boggarts (Vaults:1)
  35 laughing skulls
  A lindwurm skeleton (Crypt:1)
  A wolf (shapeshifter) (WizLab)
  11 centaurs
  10 wolves
  A rime drake zombie (Crypt:2)
  2 weeping skulls (D:4)
  2 kobold brigands
  30 bullfrogs
  A cyclops zombie (Crypt:1)
  A gnoll sergeant (D:7)
  2 scorpions
  6 faun simulacra (Shoals:1)
  3 merfolk simulacra (Shoals:1)
  A water moccasin zombie (D:4)
  15 wights
  A manticore simulacrum (Shoals:1)
  A human simulacrum (Vaults:3)
  A snapping turtle simulacrum (Shoals:1)
  4 howler monkeys
  A vampire bat (D:4)
  2 electric eels
  3 bombardier beetles
  Crazy Yiuf (D:3)
  3 human zombies
  9 jellies
  47 orc priests
  4 hounds
  4 iron imps (Gauntlet)
  2 sleepcaps
  4 iguanas
  36 orc wizards
  3 hell rats (Lair:3)
  Natasha (D:3)
  A brain worm zombie (Crypt:1)
  2 hound zombies (D:4)
  3 mummies
  Robin (D:3)
  15 gnolls
  4 river rats (Lair:3)
  7 adders
  A shadow imp (D:7)
  A white imp (D:8)
  6 ufetubi
  3 adder zombies (D:4)
  A dart slug (D:2)
  3 fire bats (D:4)
  A ribbon worm (D:4)
  111 orcs
  2 spectral bats (D:4)
  14 bats
  A bat simulacrum (D:4)
  3 bat skeletons (D:4)
  A bat zombie (D:4)
  4 endoplasms
  3 giant cockroaches (D:2)
  23 goblins
  15 hobgoblins
  5 jackals
  6 quokkas
  7 ball pythons
  A dart slug zombie (Crypt:3)
  A frilled lizard (D:1)
  A gnoll skeleton (Crypt:2)
  A jackal skeleton (Crypt:1)
  27 kobolds
  10 rats
  A rat zombie (Crypt:2)
  A river rat zombie (Crypt:3)
  2 butterflies
  18 tentacles
2740 creatures vanquished.

Vanquished Creatures (collateral kills)
  3 acid blobs (Slime:5)
  A deep elf blademaster (Elf:3)
  2 rockslimes (Slime:5)
  A vault sentinel (Vaults:2)
  A yaktaur (Vaults:2)
  3 slime creatures (Slime:5)
11 creatures vanquished.

Vanquished Creatures (others)
  A frost giant (Shoals:1)
  A deep elf knight (Elf:3)
  3 skysharks (Vaults:1)
  An orb spider (Spider:3)
  A deep elf pyromancer (Elf:3)
  A merfolk (Shoals:1)
  62 tentacles
70 creatures vanquished.

Grand Total: 2821 creatures vanquished

Notes
Turn   | Place    | Note
-------+----------+-------------------------------------------
     0 | D:1      | mopl the Formicid Warper began the quest for the Orb.
     0 | D:1      | Reached XP level 1. HP: 16/16 MP: 3/3
    86 | D:1      | Reached XP level 2. HP: 13/22 MP: 5/5
   131 | D:1      | Found a faded altar of an unknown god.
   196 | D:1      | Learned a level 2 spell: Lesser Beckoning
   261 | D:1      | Reached skill level 3 in Long Blades
   514 | D:1      | Reached XP level 3. HP: 24/27 MP: 6/6
  1518 | D:3      | Reached skill level 4 in Long Blades
  1518 | D:3      | Reached XP level 4. HP: 26/32 MP: 7/7
  1600 | D:3      | Noticed Robin
  1609 | D:3      | Killed Robin
  1706 | D:3      | Found a shimmering altar of Xom.
  1785 | D:3      | Reached skill level 5 in Long Blades
  1785 | D:3      | Reached XP level 5. HP: 38/38 MP: 8/8
  2178 | D:3      | Reached XP level 6. HP: 23/44 MP: 9/9
  2183 | D:3      | Reached skill level 6 in Long Blades
  2304 | D:3      | Found a runed translucent door.
  2305 | D:3      | Noticed Crazy Yiuf
  2313 | D:3      | Killed Crazy Yiuf
  2391 | D:3      | Noticed Natasha
  2404 | D:3      | Killed Natasha
  2421 | D:3      | Noticed Sigmund
  2435 | D:3      | Killed Sigmund
  2436 | D:3      | Reached skill level 7 in Long Blades
  2436 | D:3      | Reached XP level 7. HP: 40/50 MP: 10/10
  2770 | D:4      | Reached skill level 8 in Long Blades
  2798 | D:4      | Found a basalt altar of Yredelemnul.
  2811 | D:4      | Reached XP level 8. HP: 49/56 MP: 11/11
  2865 | D:4      | Reached skill level 9 in Long Blades
  2894 | D:4      | Found a blossoming altar of Fedhas.
  2959 | D:4      | Learned a level 4 spell: Manifold Assault
  3474 | D:5      | Entered Level 5 of the Dungeon
  3596 | D:5      | Reached skill level 2 in Dodging
  3837 | D:5      | Reached skill level 3 in Translocations
  3865 | D:5      | Found a shimmering blue altar of Sif Muna.
  3989 | D:5      | Got Sif Muna's Incunable of the Cemetery
  3992 | D:5      | Got Sif Muna's Incunable of Rallying
  4182 | D:5      | Reached skill level 2 in Armour
  4326 | D:5      | Reached XP level 9. HP: 62/62 MP: 13/13
  4374 | D:5      | Reached skill level 3 in Fighting
  4426 | D:5      | Reached skill level 10 in Long Blades
  4426 | D:5      | Reached skill level 3 in Spellcasting
  4662 | D:6      | Reached skill level 3 in Armour
  4675 | D:6      | Reached skill level 3 in Dodging
  4711 | D:6      | Found a staircase to the Ecumenical Temple.
  4721 | Temple   | Entered the Ecumenical Temple
  4836 | D:6      | Reached skill level 4 in Fighting
  4878 | D:6      | Found a snail-covered altar of Cheibriados.
  4959 | D:6      | Became a worshipper of Cheibriados the Contemplative
  5071 | D:6      | Reached skill level 4 in Translocations
  5379 | D:7      | Reached skill level 1 in Invocations
  5415 | D:7      | Reached skill level 4 in Armour
  5415 | D:7      | Reached skill level 4 in Spellcasting
  5415 | D:7      | Reached XP level 10. HP: 53/73 MP: 14/16
  5423 | D:7      | Found Isadud's Armour Boutique.
  5470 | D:7      | Reached * piety under Cheibriados
  5509 | D:7      | Noticed Maurice
  5513 | D:7      | You fall into a shaft and drop 1 floor!
  5556 | D:8      | Found a flagged portal.
  5571 | Bailey   | Entered a bailey
  5583 | Bailey   | Reached skill level 2 in Invocations
  5628 | Bailey   | Reached skill level 4 in Dodging
  5639 | Bailey   | Reached skill level 5 in Fighting
  5652 | Bailey   | Reached ** piety under Cheibriados
  5666 | Bailey   | Reached skill level 3 in Invocations
  5706 | Bailey   | Reached skill level 5 in Armour
  5737 | Bailey   | Reached skill level 5 in Translocations
  5794 | Bailey   | Noticed Prince Ribbit
  5797 | Bailey   | Noticed a vault guard
  5805 | Bailey   | Killed Prince Ribbit
  5834 | Bailey   | Killed a vault guard
  5835 | Bailey   | Reached skill level 4 in Invocations
  5889 | Bailey   | Noticed a vault guard
  5912 | Bailey   | Killed a vault guard
  5913 | Bailey   | Reached skill level 6 in Fighting
  5913 | Bailey   | Reached skill level 11 in Long Blades
  5913 | Bailey   | Reached skill level 5 in Dodging
  5913 | Bailey   | Reached XP level 11. HP: 15/81 MP: 17/17
  6036 | D:8      | Found a staircase to the Lair.
  6085 | D:7      | Maurice stole a +3 trident of freezing
  6106 | D:7      | Killed Maurice
  6107 | D:7      | Reached skill level 6 in Armour
  6263 | D:7      | Reached *** piety under Cheibriados
  6332 | D:7      | Found a hide-covered altar of Uskayaw.
  6448 | D:8      | Reached skill level 5 in Invocations
  6673 | D:8      | Noticed Amaemon
  6707 | D:8      | Killed Amaemon
  6877 | D:8      | Noticed Maggie
  6892 | D:8      | Killed Maggie
  7054 | D:9      | Noticed a two-headed ogre
  7067 | D:9      | Killed a two-headed ogre
  7068 | D:9      | Reached skill level 6 in Translocations
  7107 | D:9      | Reached **** piety under Cheibriados
  7258 | D:9      | Reached skill level 7 in Fighting
  7392 | D:9      | Noticed a two-headed ogre
  7404 | D:9      | Killed a two-headed ogre
  7405 | D:9      | Reached skill level 6 in Invocations
  7449 | D:9      | Reached skill level 6 in Dodging
  7648 | D:10     | Entered Level 10 of the Dungeon
  7682 | D:10     | Reached ***** piety under Cheibriados
  7739 | D:10     | Noticed Josephine
  7754 | D:9      | Reached skill level 7 in Armour
  7774 | D:9      | Killed Josephine
  7775 | D:9      | Reached skill level 1 in Shields
  7775 | D:9      | Reached XP level 12. HP: 35/88 MP: 18/18
  8020 | D:10     | Identified the +3 ring mail of the Trees {Rampage Fly Int-2
                  | Stlth-}
  8113 | D:10     | Reached skill level 2 in Shields
  8190 | D:10     | Found a roughly hewn altar of Beogh.
  8190 | D:10     | Found a staircase to the Orcish Mines.
  8235 | D:10     | Found a runed translucent gate.
  8236 | D:10     | Found a runed translucent gate.
  8237 | D:10     | Found a runed translucent gate.
  8237 | D:10     | Noticed Konar's ghost (journeyman CoHs)
  8250 | D:10     | Noticed a two-headed ogre
  8260 | D:10     | Killed a two-headed ogre
  8261 | D:10     | Reached skill level 1 in Evocations
  8662 | D:7      | Bought the +1 cloak "Inor" {Will++ rCorr} for 577 gold
                  | pieces
  8869 | D:11     | Found a sacrificial altar of Ru.
  9035 | D:11     | Noticed Fannar
  9083 | D:11     | Killed Fannar
  9145 | D:11     | Reached skill level 3 in Shields
  9146 | D:11     | Reached skill level 2 in Throwing
  9260 | D:11     | Noticed a two-headed ogre
  9273 | D:11     | Killed a two-headed ogre
  9274 | D:11     | Reached skill level 7 in Invocations
  9274 | D:11     | Reached skill level 2 in Evocations
  9918 | Lair:1   | Entered Level 1 of the Lair of Beasts
  9961 | Lair:1   | Reached skill level 8 in Fighting
  9966 | Lair:1   | Noticed a death yak
  9966 | Lair:1   | Noticed a death yak
  9966 | Lair:1   | Noticed a death yak
  9986 | Lair:1   | Killed a death yak
  9987 | Lair:1   | Reached skill level 7 in Translocations
 10002 | Lair:1   | Killed a death yak
 10003 | Lair:1   | Reached skill level 12 in Long Blades
 10011 | Lair:1   | Killed a death yak
 10012 | Lair:1   | Reached skill level 4 in Shields
 10038 | Lair:1   | Reached ****** piety under Cheibriados
 10114 | Lair:1   | Reached skill level 3 in Throwing
 10125 | Lair:1   | Reached skill level 3 in Evocations
 10125 | Lair:1   | Reached XP level 13. HP: 98/98 MP: 19/19
 10301 | Lair:1   | Reached skill level 8 in Armour
 10526 | Lair:1   | Reached skill level 7 in Dodging
 10526 | Lair:1   | Reached skill level 5 in Shields
 10854 | Lair:2   | Reached skill level 4 in Evocations
 10870 | Lair:2   | Reached skill level 4 in Throwing
 10870 | Lair:2   | Reached skill level 8 in Invocations
 11017 | Lair:2   | Noticed Urug
 11033 | Lair:2   | Killed Urug
 11144 | Lair:2   | Reached skill level 6 in Shields
 11165 | Lair:2   | Reached skill level 9 in Fighting
 11798 | Lair:3   | Found a staircase to the Shoals.
 11832 | Lair:3   | Reached XP level 14. HP: 75/108 MP: 20/20
 11973 | Lair:3   | Reached skill level 9 in Armour
 12043 | Lair:3   | Reached skill level 5 in Evocations
 12161 | Lair:3   | Reached skill level 8 in Translocations
 12177 | Lair:3   | Found a hole to the Spider Nest.
 12373 | Lair:3   | Reached skill level 5 in Throwing
 12630 | Lair:4   | Reached skill level 7 in Shields
 12668 | Lair:4   | Reached skill level 9 in Invocations
 12780 | Lair:4   | Found a gate leading to a gauntlet.
 12791 | Gauntlet | Entered a Gauntlet
 12791 | Gauntlet | Found a transporter.
 12791 | Gauntlet | Found a transporter.
 12791 | Gauntlet | Found a transporter.
 12800 | Gauntlet | Found a transporter.
 12802 | Gauntlet | Found a large runed translucent door.
 12803 | Gauntlet | Found a large runed translucent door.
 12804 | Gauntlet | Found a large runed translucent door.
 12804 | Gauntlet | Found a large runed translucent door.
 12804 | Gauntlet | Found a runed translucent door.
 12804 | Gauntlet | Found a runed translucent door.
 12805 | Gauntlet | Found a large runed translucent door.
 12806 | Gauntlet | Found a large runed translucent door.
 12807 | Gauntlet | Found a large runed translucent door.
 12807 | Gauntlet | Found a large runed translucent door.
 12808 | Gauntlet | Found a runed translucent gate.
 12808 | Gauntlet | Found a runed translucent gate.
 12808 | Gauntlet | Found a runed translucent gate.
 12810 | Gauntlet | Found a transporter.
 12819 | Gauntlet | Found a large runed translucent door.
 12819 | Gauntlet | Found a large runed translucent door.
 12820 | Gauntlet | Found a large runed translucent door.
 12821 | Gauntlet | Found a large runed translucent door.
 12825 | Gauntlet | Found a transporter.
 12837 | Gauntlet | Found a transporter.
 12850 | Gauntlet | Found a transporter.
 12862 | Gauntlet | Found a transporter.
 12873 | Gauntlet | Found a transporter.
 12876 | Gauntlet | Found a transporter.
 12891 | Gauntlet | Found a large runed translucent door.
 12892 | Gauntlet | Found a large runed translucent door.
 12893 | Gauntlet | Found a large runed translucent door.
 12893 | Gauntlet | Found a large runed translucent door.
 12911 | Gauntlet | Found a transporter.
 13041 | Gauntlet | Reached skill level 8 in Dodging
 13269 | Gauntlet | Noticed a minotaur
 13281 | Gauntlet | HP: 4/109 [minotaur/+2 mace of venom (22)]
 13283 | Gauntlet | Killed a minotaur
 13341 | Gauntlet | Identified the +5 battleaxe of the Shrinking Gods {drain,
                  | rC+}
 13342 | Gauntlet | Got the Vellum of Cold
 13413 | Lair:4   | Found a staircase to the Slime Pits.
 13586 | Lair:4   | Reached skill level 6 in Evocations
 13844 | Lair:4   | Reached skill level 10 in Fighting
 13859 | Lair:4   | Reached skill level 13 in Long Blades
 13944 | Lair:4   | Reached skill level 8 in Shields
 13944 | Lair:4   | Reached XP level 15. HP: 115/115 MP: 22/22
 14259 | Lair:5   | Entered Level 5 of the Lair of Beasts
 14353 | Lair:5   | Reached skill level 6 in Throwing
 14527 | Lair:5   | Reached skill level 10 in Armour
 14791 | Lair:5   | HP: 4/116 [komodo dragon (10)]
 14795 | Lair:5   | Reached skill level 10 in Invocations
 14937 | Lair:5   | Found a hazy altar of Hepliaklqana.
 15463 | Lair:5   | Reached skill level 9 in Translocations
 15524 | Lair:5   | Reached skill level 9 in Shields
 15580 | Lair:5   | Reached skill level 7 in Evocations
 15651 | Lair:5   | Identified the +1 ring mail of the Wasteland {Will++}
 15861 | Orc:1    | Entered Level 1 of the Orcish Mines
 15884 | Orc:1    | Found a roughly hewn altar of Beogh.
 15900 | Orc:1    | Found Yseuror's Jewellery Shoppe.
 16432 | Orc:2    | Entered Level 2 of the Orcish Mines
 16451 | Orc:2    | Found Onorikk's Book Shop.
 16578 | Orc:2    | Noticed Erolcha
 16598 | Orc:2    | Killed Erolcha
 16612 | Orc:2    | Reached XP level 16. HP: 27/124 MP: 7/23
 16835 | Orc:2    | Reached skill level 7 in Throwing
 16943 | Orc:2    | Found Wuitiet's Armour Shoppe.
 16946 | Orc:2    | Found Ehiwisut's Magic Scroll Emporium.
 16947 | Orc:2    | Found Mips's General Store.
 16966 | Orc:2    | Found Cuhuc's Antique Armour Shoppe.
 16971 | Orc:2    | Bought a scroll of identify for 32 gold pieces
 16971 | Orc:2    | Bought a scroll of fog for 64 gold pieces
 16972 | Orc:2    | Bought a scroll of immolation for 56 gold pieces
 16972 | Orc:2    | Bought a scroll of noise for 14 gold pieces
 16972 | Orc:2    | Bought a scroll of teleportation for 42 gold pieces
 16972 | Orc:2    | Bought a scroll of poison for 56 gold pieces
 16972 | Orc:2    | Bought a scroll of torment for 133 gold pieces
 16972 | Orc:2    | Bought a scroll of amnesia for 56 gold pieces
 16975 | Orc:2    | Bought a scroll of identify for 28 gold pieces
 17069 | Orc:2    | Found a staircase to the Elven Halls.
 17413 | D:12     | Reached skill level 9 in Dodging
 17672 | D:12     | Learned a level 3 spell: Teleport Other
 18063 | D:13     | Reached skill level 11 in Fighting
 18927 | D:14     | Noticed Roxanne
 18986 | D:14     | Found a gate to the Vaults.
 18987 | D:14     | Noticed Agnes
 18990 | D:14     | Killed Agnes
 18991 | D:14     | Reached skill level 10 in Shields
 19008 | D:14     | Found Dygak's Antique Weapon Emporium.
 19051 | D:14     | Found a white marble altar of Elyvilon.
 19332 | D:14     | Reached skill level 8 in Evocations
 19424 | D:14     | Reached skill level 11 in Armour
 19471 | D:14     | Reached skill level 11 in Invocations
 19658 | D:15     | Entered Level 15 of the Dungeon
 19768 | D:15     | Found Kior's Jewellery Emporium.
 19877 | D:15     | Found Ashuis's Weapon Boutique.
 19926 | D:15     | Found a staircase to the Depths.
 20460 | Spider:1 | Entered Level 1 of the Spider Nest
 20734 | Spider:1 | Reached XP level 17. HP: 49/131 MP: 19/25
 20741 | Spider:1 | HP: 6/131 [poisoned by a redback]
 20908 | Spider:1 | Reached skill level 8 in Throwing
 21194 | Spider:1 | Reached skill level 14 in Long Blades
 21365 | Spider:1 | Reached skill level 10 in Translocations
 21629 | Spider:1 | Reached skill level 11 in Shields
 22279 | Spider:2 | Identified a scroll of acquirement
 22321 | Spider:2 | Acquired a manual of Shields
 22323 | Spider:2 | Acquired 910 gold pieces
 22402 | Spider:2 | Reached skill level 9 in Evocations
 22438 | Spider:2 | Reached skill level 12 in Fighting
 22477 | Spider:2 | Reached skill level 10 in Dodging
 22501 | Spider:2 | Identified the +3 robe of the Tundras {MP+9}
 22817 | Spider:3 | Found a large runed translucent door.
 22817 | Spider:3 | Found a large runed translucent door.
 22997 | Spider:3 | Reached skill level 12 in Invocations
 23145 | Spider:3 | Identified the +6 trident of Cheese {drain, Str+6}
 23365 | Spider:4 | Entered Level 4 of the Spider Nest
 23429 | Spider:4 | Reached skill level 12 in Shields
 23448 | Spider:4 | Reached XP level 18. HP: 107/137 MP: 5/27
 23550 | Spider:4 | Reached skill level 12 in Armour
 23651 | Spider:4 | Found a runed translucent gate.
 23651 | Spider:4 | Found a runed translucent gate.
 23651 | Spider:4 | Found a runed translucent gate.
 23654 | Spider:4 | Noticed TobyConnect's ghost (adept TrCK)
 24016 | Spider:4 | Reached skill level 9 in Throwing
 24767 | Spider:4 | Identified the orb of Loss {mayhem, Rampage Ice}
 24793 | Spider:4 | Got a gossamer rune of Zot
 25073 | Shoals:1 | Entered Level 1 of the Shoals
 25180 | Shoals:1 | Found the +0 pair of gloves of the gadgeteer {Gadgeteer
                  | Wandboost ^Fragile}
 25185 | Shoals:1 | Found a runed translucent gate.
 25185 | Shoals:1 | Found a runed translucent gate.
 25185 | Shoals:1 | Found a runed translucent gate.
 25226 | Shoals:1 | Reached skill level 13 in Shields
 25286 | Shoals:1 | Reached skill level 10 in Evocations
 25662 | Shoals:1 | Noticed a kraken
 25714 | Shoals:1 | Killed a kraken
 25819 | Shoals:1 | Found a transporter.
 25824 | Shoals:1 | Found a transporter.
 25826 | Shoals:1 | Noticed GrimJard's ghost (adept MDFi)
 26377 | Shoals:2 | Identified the serpent talisman of the Swamp {rF- rN+++
                  | Str+2 Int-4}
 26377 | Shoals:2 | Noticed Aizul
 26410 | Shoals:1 | Killed Aizul
 26831 | Shoals:2 | Reached XP level 19. HP: 148/148 MP: 25/28
 27038 | Shoals:3 | Reached skill level 13 in Fighting
 27369 | Shoals:3 | Noticed Polyphemus
 27460 | Shoals:3 | Reached skill level 11 in Translocations
 27546 | Shoals:3 | Reached skill level 13 in Invocations
 27574 | Shoals:3 | Killed Polyphemus
 27710 | Shoals:4 | Entered Level 4 of the Shoals
 27719 | Shoals:4 | Reached skill level 14 in Shields
 28413 | Shoals:4 | Reached skill level 11 in Dodging
 28551 | Shoals:4 | Reached skill level 10 in Throwing
 28551 | Shoals:4 | Reached skill level 13 in Armour
 28552 | Shoals:4 | Reached skill level 15 in Long Blades
 28866 | Shoals:4 | Identified the +0 chain mail of Birdsong {+Blink Int+3}
 29004 | Shoals:4 | Identified the +4 chain mail of Privacy {Dex+5 Stlth+}
 29127 | Shoals:4 | Identified the +7 trident of Melee {antimagic, rPois}
 29181 | Shoals:4 | Got a barnacled rune of Zot
 29428 | Elf:1    | Entered Level 1 of the Elven Halls
 29917 | Elf:1    | Identified the +2 hand axe of Nightmares {pain, rF+ Str+2}
 29980 | Elf:1    | Found Irout's Antique Armour Boutique.
 30157 | Elf:1    | Reached skill level 15 in Shields
 30438 | Elf:1    | Reached skill level 11 in Evocations
 30833 | Elf:2    | Reached XP level 20. HP: 116/157 MP: 30/30
 30877 | Elf:2    | Learned a level 4 spell: Iskenderun's Mystic Blast
 31236 | Elf:2    | Found a runed translucent gate.
 31236 | Elf:2    | Found a runed translucent gate.
 31236 | Elf:2    | Found a runed translucent gate.
 32165 | Elf:3    | Entered Level 3 of the Elven Halls
 32258 | Elf:3    | Reached skill level 16 in Shields
 32407 | Elf:3    | Reached skill level 14 in Invocations
 32533 | Elf:3    | Reached skill level 14 in Fighting
 32567 | Elf:3    | Noticed Nikola
 32628 | Elf:3    | Killed Nikola
 33176 | Elf:3    | HP: 3/136 [deep elf blademaster/+0 rapier (17)]
 33288 | Elf:3    | Noticed Louise
 33308 | Elf:3    | Killed Louise
 33364 | Elf:3    | Reached skill level 11 in Throwing
 33386 | Elf:3    | Reached XP level 21. HP: 152/156 MP: 31/31
 33550 | Elf:3    | Reached skill level 14 in Armour
 33572 | Elf:3    | Reached skill level 12 in Translocations
 33705 | Elf:3    | Identified the +3 whip "Waesamis" {holy, ^Drain rElec rCorr
                  | Str+3}
 33804 | Elf:3    | Reached skill level 12 in Evocations
 33905 | Elf:3    | Reached skill level 17 in Shields
 33958 | Elf:3    | Identified the +5 scale mail of Monotheism {Rampage SInv
                  | Stlth+}
 34083 | Elf:3    | Found the +7 hand cannon "Mule" {flame, backblast, rF+}
 34086 | Elf:3    | Found the +3 pair of mountain boots {steadfast, rC+}
 34107 | Elf:3    | Got Tiheas's Parchment of the Jaunt
 34119 | Elf:3    | Identified the +5 dagger of Fresh Optimality {freeze, rElec
                  | Str+3 Dex+4 Stlth-}
 34136 | Elf:3    | Got the Papyrus of Marshalled Angles
 34161 | Elf:3    | Learned a level 6 spell: Dispersal
 34166 | Elf:3    | Learned a level 4 spell: Dimensional Bullseye
 34183 | Elf:3    | Identified the +2 leather armour of Foolhardiness {rC+++
                  | rN+ Str-5 Int-4}
 34499 | Orc:1    | Bought the ring "Kufib" {rC+ rN+ AC+4} for 542 gold pieces
 34634 | Vaults:1 | Entered Level 1 of the Vaults
 34657 | D:14     | Reached skill level 12 in Dodging
 35024 | Vaults:1 | Noticed Asterion
 35034 | Vaults:1 | Killed Asterion
 35060 | Vaults:1 | Reached skill level 16 in Long Blades
 35620 | Vaults:1 | Noticed Zenata
 35640 | Vaults:1 | Killed Zenata
 36009 | Vaults:1 | Reached XP level 22. HP: 156/174 MP: 29/32
 36180 | Vaults:1 | Noticed Norris
 36200 | Vaults:1 | Killed Norris
 36201 | Vaults:1 | Reached skill level 18 in Shields
 36600 | Vaults:2 | Found a staircase to the Crypt.
 36800 | Vaults:2 | Reached skill level 15 in Fighting
 37344 | Vaults:2 | Reached skill level 12 in Throwing
 37430 | Vaults:2 | Found Fitsut's Assorted Antiques.
 37462 | Vaults:2 | Bought a scroll of fog for 136 gold pieces
 37462 | Vaults:2 | Bought a potion of curing for 102 gold pieces
 37462 | Vaults:2 | Bought a potion of invisibility for 272 gold pieces
 37462 | Vaults:2 | Bought a scroll of revelation for 255 gold pieces
 37977 | Vaults:3 | Reached skill level 15 in Armour
 38011 | Vaults:3 | Reached skill level 17 in Long Blades
 38105 | Vaults:3 | Reached skill level 19 in Shields
 38262 | Vaults:3 | Found a portal to a secret trove of treasure.
 38331 | Vaults:3 | Found Nuidui Axis's Assorted Antiques.
 38339 | Vaults:3 | Bought a potion of ambrosia for 280 gold pieces
 38679 | Vaults:3 | Reached skill level 13 in Translocations
 38887 | Vaults:3 | Reached XP level 23. HP: 157/182 MP: 9/33
 39176 | Vaults:4 | Reached skill level 13 in Dodging
 40318 | D:10     | Killed Konar's ghost
 40482 | D:14     | Killed Roxanne
 40572 | Depths:1 | Entered Level 1 of the Depths
 40671 | Depths:1 | Found a one-way gate leading to the halls of Pandemonium.
 40789 | Depths:1 | Reached skill level 16 in Fighting
 40847 | Depths:1 | Reached skill level 20 in Shields
 40893 | Depths:1 | Found Neakhuhu's Round Resellers.
 40979 | Depths:1 | Reached skill level 18 in Long Blades
 41020 | Depths:1 | Identified the ring "Paguma" {MP+9 Dex+3}
 41169 | Depths:1 | Found a one-way gateway to a ziggurat.
 41212 | Depths:1 | Found an iron altar of Okawaru.
 41317 | Depths:1 | Reached skill level 16 in Armour
 41394 | Depths:1 | Found a gateway to Hell.
 41688 | Depths:2 | Reached XP level 24. HP: 191/191 MP: 32/33
 41715 | Depths:2 | Learned a level 4 spell: Passage of Golubria
 42345 | Depths:2 | Found a one-way gate to the infinite horrors of the Abyss.
 42571 | Depths:2 | Noticed Grunn
 42723 | Depths:2 | Killed Grunn
 43192 | Depths:3 | Reached skill level 14 in Translocations
 43277 | Depths:3 | Reached skill level 19 in Long Blades
 43341 | Depths:3 | Found a transporter.
 43404 | Depths:3 | Reached skill level 14 in Dodging
 43433 | Depths:3 | Identified the ring "Sumaev" {rF+ EV+5 Str+6 Stlth-}
 43559 | Depths:3 | Found a bloodstained altar of Trog.
 43658 | Depths:3 | Reached skill level 17 in Fighting
 43662 | Depths:3 | Identified the ring of the Genius {rC+ rCorr Slay+4}
 43887 | Depths:3 | Identified the +7 orcbow of Resourcefulness {freeze, Dex+6}
 43965 | Depths:3 | Identified the ring of Fyhuwoth {+Blink Will+ Str+6 Dex+6}
 43966 | Depths:3 | Noticed Sojobo
 44042 | Depths:3 | Killed Sojobo
 44043 | Depths:3 | Reached XP level 25. HP: 145/189 MP: 33/33
 44071 | Depths:3 | Gained mutation: You are vulnerable to heat. (rF-) [a
                  | shining eye]
 44074 | Depths:3 | Gained mutation: Your body sometimes deteriorates upon
                  | taking damage. [a shining eye]
 44190 | Depths:3 | Identified the +4 scale mail "Caqaegh" {*Slow rN+ Dex+2}
 44275 | Depths:3 | Found a transporter.
 44423 | Depths:2 | Reached skill level 17 in Armour
 44790 | Slime:1  | Entered Level 1 of the Pits of Slime
 44874 | Slime:1  | Gained mutation: You are somewhat resistant to further
                  | mutation. [a shining eye]
 45117 | Slime:5  | Entered Level 5 of the Pits of Slime
 45197 | Slime:5  | Noticed the Royal Jelly
 45203 | Slime:5  | Reached skill level 20 in Long Blades
 45254 | Slime:5  | HP: 10/202 [acid blob/splash of acid[the Royal Jelly] (8)]
 45631 | Slime:5  | Found a viscous altar of Jiyva.
 46720 | Slime:5  | Killed the Royal Jelly
 46903 | Slime:5  | Identified the +12 great sword of Reapportionment {freeze,
                  | Fly rElec Will++ Dex-4}
 46909 | Slime:5  | Identified the blade talisman of a Gauntlet {rF- Dex+4
                  | Slay+3}
 46916 | Slime:5  | Got the Enchiridion on Concussion and Nonlocality
 46917 | Slime:5  | Identified the +5 kite shield of Gaxug {Str+4 SInv}
 46950 | Slime:5  | Identified the ring of the Illusory Wonders {Fly rElec rN+}
 46958 | Slime:5  | Identified the +1 spear of Hatred {chaos, rF+}
 46959 | Slime:5  | Identified the -1 buckler of the Thunderstorm {Harm rPois
                  | Int-4 Dex+6}
 46982 | Slime:5  | Identified the +0 dagger of Causality {drain, ^Contam rPois
                  | rN+ Str+5}
 47016 | Slime:5  | Got a slimy rune of Zot
 47022 | Slime:5  | Identified the +9 mace of Accord {protect, *Rage rN+
                  | Will+++}
 47167 | D:8      | Lost mutation: Your body sometimes deteriorates upon taking
                  | damage. [potion of mutation]
 47167 | D:8      | Lost mutation: You are vulnerable to heat. (rF-) [potion of
                  | mutation]
 47167 | D:8      | Lost mutation: You are somewhat resistant to further
                  | mutation. [potion of mutation]
 47167 | D:8      | Gained mutation: You have hidden genetic defects. [potion
                  | of mutation]
 47167 | D:8      | Gained mutation: Your muscles are strong. (Str +4, Int/Dex
                  | -1) [potion of mutation]
 47167 | D:8      | Gained mutation: You passively dampen the noise of your
                  | surroundings. [potion of mutation]
 47168 | D:8      | Lost mutation: You passively dampen the noise of your
                  | surroundings. [potion of mutation]
 47168 | D:8      | Lost mutation: Your muscles are strong. (Str +4, Int/Dex
                  | -1) [potion of mutation]
 47168 | D:8      | Lost mutation: You have hidden genetic defects. [potion of
                  | mutation]
 47168 | D:8      | Gained mutation: You are clumsy. (Dex -2) [potion of
                  | mutation]
 47168 | D:8      | Lost mutation: You are clumsy. (Dex -2) [potion of
                  | mutation]
 47397 | Depths:4 | Entered Level 4 of the Depths
 47409 | Depths:4 | Found a magical portal.
 47411 | Depths:4 | Noticed the Enchantress
 47457 | Depths:4 | Killed the Enchantress
 47489 | WizLab   | Entered Cigotuvi's Fleshworks
 47550 | WizLab   | Gained mutation: You occasionally lose the ability to read
                  | scrolls when taking damage. [mutagenic glow]
 47715 | WizLab   | Reached skill level 15 in Translocations
 47769 | WizLab   | Gained mutation: You occasionally shout uncontrollably at
                  | your foes. [a shining eye]
 47783 | WizLab   | Reached XP level 26. HP: 173/211 MP: 18/33
 47796 | WizLab   | Reached skill level 18 in Fighting
 47840 | WizLab   | Identified the ring of Satisfaction {Will+ SInv}
 48161 | WizLab   | Reached skill level 15 in Dodging
 48185 | WizLab   | Got Cigotuvi's Codex of the Lethal Catalyst
 48269 | Depths:4 | Lost mutation: You occasionally lose the ability to read
                  | scrolls when taking damage. [potion of mutation]
 48269 | Depths:4 | Lost mutation: You occasionally shout uncontrollably at
                  | your foes. [potion of mutation]
 48269 | Depths:4 | Gained mutation: You do not regenerate when monsters are
                  | visible. [potion of mutation]
 48269 | Depths:4 | Gained mutation: You are partially covered in large bone
                  | plates. (SH +4) [potion of mutation]
 48269 | Depths:4 | Gained mutation: You occasionally lose the ability to drink
                  | potions when taking damage. [potion of mutation]
 48270 | Depths:4 | Lost mutation: You do not regenerate when monsters are
                  | visible. [potion of mutation]
 48270 | Depths:4 | Lost mutation: You are partially covered in large bone
                  | plates. (SH +4) [potion of mutation]
 48270 | Depths:4 | Gained mutation: Your flesh is cold resistant. (rC+)
                  | [potion of mutation]
 48270 | Depths:4 | Lost mutation: You occasionally lose the ability to drink
                  | potions when taking damage. [potion of mutation]
 48270 | Depths:4 | Gained mutation: You are strong-willed. (Will+) [potion of
                  | mutation]
 48471 | Depths:4 | Reached skill level 21 in Long Blades
 48624 | Depths:4 | Found a gate to the Realm of Zot.
 48676 | Depths:4 | Reached skill level 18 in Armour
 49194 | Zot:1    | Entered Level 1 of the Realm of Zot
 49701 | Crypt:1  | Entered Level 1 of the Crypt
 50757 | Crypt:2  | Reached skill level 16 in Translocations
 50771 | Crypt:2  | Noticed a royal mummy
 50786 | Crypt:2  | Killed a royal mummy
 51097 | Crypt:2  | Reached XP level 27. HP: 210/211 MP: 33/33
 51187 | Crypt:2  | Found a runed translucent gate.
 51189 | Crypt:2  | Found a runed translucent gate.
 51212 | Crypt:2  | Found a runed translucent gate.
 51224 | Crypt:2  | Noticed Xecaleth's ghost (adept GrFi)
 51366 | Crypt:2  | Noticed a royal mummy
 51374 | Crypt:2  | Killed a royal mummy
 51403 | Crypt:2  | Acquired the ring "Himudokh" {rF+ rN+ rCorr Int+3}
 51584 | Crypt:2  | Noticed Khufu
 51599 | Crypt:2  | Killed Khufu
 51689 | Crypt:3  | Entered Level 3 of the Crypt
 51785 | Crypt:3  | Reached skill level 22 in Long Blades
 51839 | Crypt:3  | Reached skill level 19 in Fighting
 51924 | Crypt:3  | Found a basalt altar of Yredelemnul.
 52079 | Crypt:3  | Reached skill level 16 in Dodging
 52207 | Crypt:3  | Reached skill level 17 in Translocations
 52260 | Crypt:3  | Found a staircase to the Tomb.
 52647 | Crypt:3  | Noticed a dread lich
 52672 | Crypt:3  | Killed a dread lich
 52816 | Crypt:3  | Got the Handbook of Bodies
 52827 | Crypt:3  | Identified the staff "Undertaker" {rPois Str+4 Dex+2 Tloc
                  | Alchemy}
 52871 | Crypt:3  | Reached skill level 18 in Translocations
 53425 | Shoals:1 | Identified the +1 glaive "Eroser" {protect, Will+ rCorr}
 53502 | Shoals:1 | Killed GrimJard's ghost
 53565 | Shoals:1 | Identified the amulet "Zygaef" {Reflect rF+ rCorr Int+3
                  | SH+5}
 53566 | Shoals:1 | Identified the ring "Qahej" {rC+ Str+3 SInv}
 53983 | Spider:4 | Killed TobyConnect's ghost
 54022 | Spider:4 | Identified the +1 halberd of Ash {heavy, rF+ Will+}
 54452 | Crypt:2  | Killed Xecaleth's ghost
 54463 | Crypt:2  | Reached skill level 19 in Translocations
 55161 | Zot:1    | You fall into a shaft and drop 1 floor!
 55201 | Zot:2    | Reached skill level 20 in Translocations
 56019 | Zot:2    | Got Sif Muna's Octavo of the Pyre and Companions
 56141 | Zot:2    | Identified the staff of Xaenlaog {rPois rC+ Int+5 Dex-2
                  | Alchemy}
 56152 | Zot:2    | Found a snail-covered altar of Cheibriados.
 56548 | Zot:2    | Reached skill level 21 in Translocations
 56936 | Zot:3    | Identified the +1 plate armour "Cugipt" {^Drain Int+5}
 57852 | Zot:4    | Reached skill level 22 in Translocations
 58897 | Vaults:5 | Entered Level 5 of the Vaults
 59046 | Vaults:4 | Reached skill level 23 in Translocations
 59199 | Vaults:5 | Noticed an ancient lich
 59285 | Vaults:4 | Killed an ancient lich
 59470 | Vaults:5 | Identified the +9 scimitar "Itoojik" {vamp, rElec}
 60417 | Vaults:4 | Reached skill level 24 in Translocations
 60566 | Vaults:5 | Identified the +3 broad axe of Might {venom, MP+9 Str+4
                  | Dex-2}
 60567 | Vaults:5 | Found the +7 lajatang of Order {silver, rMut}
 60676 | Vaults:5 | Noticed an ancient lich
 60682 | Vaults:5 | Killed an ancient lich
 60707 | Vaults:5 | Identified the +0 plate armour of Lust {+Blink rN+}
 61028 | Vaults:5 | Got a silver rune of Zot
 61222 | Vaults:5 | Identified the amulet "Taidil" {Spirit -Tele ^Fragile rPois
                  | Int+4}
 61225 | Vaults:5 | Identified the +3 ring mail "Jeshidd" {*Corrode rElec rF+++
                  | SInv}
 61244 | Vaults:5 | Got the Textbook on the Injurious Oath
 61302 | Vaults:5 | Identified the +0 leather armour of the True Pharaoh {rElec
                  | Regen+ Int+3 Stlth-}
 62068 | Zot:5    | Entered Level 5 of the Realm of Zot
 62120 | Zot:5    | Reached skill level 25 in Translocations
 62624 | Zot:5    | Noticed an orb of fire
 62643 | Zot:5    | Killed an orb of fire
 62692 | Zot:5    | Noticed an ancient lich
 62711 | Zot:5    | Killed an ancient lich
 62713 | Zot:5    | Noticed an orb of fire
 62715 | Zot:5    | Gained mutation: You are weak. (Str -2) [an orb of fire]
 62723 | Zot:5    | Gained mutation: Armour fits poorly on your strangely
                  | shaped body. [an orb of fire]
 62734 | Zot:5    | Killed an orb of fire
 62752 | Zot:5    | Lost mutation: You are strong-willed. (Will+) [potion of
                  | mutation]
 62752 | Zot:5    | Lost mutation: Your flesh is cold resistant. (rC+) [potion
                  | of mutation]
 62752 | Zot:5    | Gained mutation: You expend magic power (3 MP) to
                  | strengthen your wands. [potion of mutation]
 62752 | Zot:5    | Gained mutation: Your mind is acute. (Int +4, Str/Dex -1)
                  | [potion of mutation]
 62753 | Zot:5    | Lost mutation: You expend magic power (3 MP) to strengthen
                  | your wands. [potion of mutation]
 62753 | Zot:5    | Lost mutation: Your mind is acute. (Int +4, Str/Dex -1)
                  | [potion of mutation]
 62753 | Zot:5    | Lost mutation: You are weak. (Str -2) [potion of mutation]
 62753 | Zot:5    | Gained mutation: You are clumsy. (Dex -2) [potion of
                  | mutation]
 62753 | Zot:5    | Gained mutation: Your flesh is cold resistant. (rC+)
                  | [potion of mutation]
 62754 | Zot:5    | Lost mutation: Armour fits poorly on your strangely shaped
                  | body. [potion of mutation]
 62754 | Zot:5    | Lost mutation: You are clumsy. (Dex -2) [potion of
                  | mutation]
 62754 | Zot:5    | Lost mutation: Your flesh is cold resistant. (rC+) [potion
                  | of mutation]
 62754 | Zot:5    | Gained mutation: You have sharp toenails. [potion of
                  | mutation]
 62754 | Zot:5    | Gained mutation: You are partially covered in iridescent
                  | scales. (AC +2) [potion of mutation]
 62754 | Zot:5    | Gained mutation: Your spells are a little harder to cast,
                  | but a little more powerful. [potion of mutation]
 62778 | Zot:5    | Noticed a dread lich
 62787 | Zot:5    | Killed a dread lich
 62861 | Zot:5    | Noticed a Killer Klown
 62867 | Zot:5    | Noticed a Killer Klown
 62885 | Zot:5    | Killed a Killer Klown
 62886 | Zot:5    | Noticed an ancient lich
 62890 | Zot:5    | Killed an ancient lich
 62890 | Zot:5    | Noticed an orb of fire
 62891 | Zot:5    | Reached skill level 26 in Translocations
 62891 | Zot:5    | Gained mutation: You are clumsy. (Dex -2) [an orb of fire]
 62895 | Zot:5    | Gained mutation: Your magical capacity is low. (-10% MP)
                  | [an orb of fire]
 62910 | Zot:5    | Killed an orb of fire
 62910 | Zot:5    | Noticed an ancient lich
 62916 | Zot:5    | Killed an ancient lich
 62916 | Zot:5    | Noticed a dread lich
 62923 | Zot:5    | Killed a dread lich
 62923 | Zot:5    | Noticed an ancient lich
 62928 | Zot:5    | Killed an ancient lich
 62932 | Zot:5    | Noticed an ancient lich
 62942 | Zot:5    | Killed an ancient lich
 62946 | Zot:5    | Noticed an ancient lich
 62952 | Zot:5    | Killed an ancient lich
 62961 | Zot:5    | Noticed an ancient lich
 62967 | Zot:5    | Killed an ancient lich
 62969 | Zot:5    | Noticed a dread lich
 62981 | Zot:5    | Killed a dread lich
 62982 | Zot:5    | Killed a Killer Klown
 62992 | Zot:5    | Noticed a Killer Klown
 63011 | Zot:5    | Killed a Killer Klown
 63070 | Zot:5    | Reached skill level 27 in Translocations
 63242 | Zot:5    | Reached skill level 13 in Evocations
 63506 | Zot:5    | Got the Orb of Zot
 63565 | Zot:5    | Noticed Okhuilagof the pandemonium lord
 63578 | Zot:5    | Killed Okhuilagof the pandemonium lord
 63609 | Zot:5    | Noticed Fintass the pandemonium lord
 63619 | Zot:5    | Killed Fintass the pandemonium lord
 63643 | Zot:5    | Reached skill level 5 in Spellcasting
 63652 | Zot:4    | Noticed Ikidd the pandemonium lord
 64299 | D:1      | Lost mutation: You are clumsy. (Dex -2) [potion of
                  | mutation]
 64299 | D:1      | Lost mutation: Your spells are a little harder to cast, but
                  | a little more powerful. [potion of mutation]
 64299 | D:1      | Lost mutation: You have sharp toenails. [potion of
                  | mutation]
 64299 | D:1      | Lost mutation: Your magical capacity is low. (-10% MP)
                  | [potion of mutation]
 64299 | D:1      | Gained mutation: Your skin changes colour to match your
                  | surroundings (Stealth+). [potion of mutation]
 64299 | D:1      | Gained mutation: You are frail. (-10% HP) [potion of
                  | mutation]
 64300 | D:1      | Lost mutation: You are partially covered in iridescent
                  | scales. (AC +2) [potion of mutation]
 64300 | D:1      | Lost mutation: You are frail. (-10% HP) [potion of
                  | mutation]
 64300 | D:1      | Gained mutation: Your body sometimes deteriorates upon
                  | taking damage. [potion of mutation]
 64301 | D:1      | Lost mutation: Your skin changes colour to match your
                  | surroundings (Stealth+). [potion of mutation]
 64301 | D:1      | Lost mutation: Your body sometimes deteriorates upon taking
                  | damage. [potion of mutation]
 64301 | D:1      | Gained mutation: You have sharp fingernails. [potion of
                  | mutation]
 64301 | D:1      | Gained mutation: Potions are less effective at restoring
                  | your health. [potion of mutation]
 64301 | D:1      | Gained mutation: Your flesh is heat resistant. (rF+)
                  | [potion of mutation]
 64302 | D:1      | Lost mutation: You have sharp fingernails. [potion of
                  | mutation]
 64302 | D:1      | Lost mutation: Potions are less effective at restoring your
                  | health. [potion of mutation]
 64302 | D:1      | Lost mutation: Your flesh is heat resistant. (rF+) [potion
                  | of mutation]
 64302 | D:1      | Gained mutation: You have sharp toenails. [potion of
                  | mutation]
 64302 | D:1      | Gained mutation: You are somewhat resistant to further
                  | mutation. [potion of mutation]
 64302 | D:1      | Gained mutation: You are partially covered in iridescent
                  | scales. (AC +2) [potion of mutation]
 64306 | D:$      | Escaped with the Orb!

Illustrated notes

Levels and vault maps discovered:
D:1:      minmay_arrival_jagged, layout_loops_ring,
          ebering_ecumenical_altar_ruins, corexii_leaking_fountain,
          supply_closet_lemuel, minmay_misc_feat_rows, serial_bayou_ford_a,
          chequers_avenue, minmay_misc_feat_tower
D:2:      layout_loops_cross, st_stairs_13
D:3:      layout_loops_ring, xom_butterflies, chequers_serial_rivers_room_b,
          kennysheep_generic_room_4, uniq_natasha, uniq_robin,
          uniq_crazy_yiuf_cottage, uniq_sigmund
D:4:      layout_basic, lemuel_round_altar, lemuel_mausoleum_altar_yredelemnul,
          goddamned_bats
D:5:      corexii_shantytown, layout_basic, nicolae_sif_muna_little_library
D:6:      layout_basic, cheibriados_altar_1, minmay_temple_entry_wispy
D:7:      layout_rooms, general_overflow_altar, serial_shops,
          nicolae_shop_tiny_waterfront, uniq_maurice
D:8:      layout_basic, enter_bailey_3, chequers_mini_garden, uniq_amaemon,
          uniq_maggie
D:9:      layout_irregular_city
D:10:     layout_loops_ring, david_orc_5, gammafunk_ghost_split,
          minmay_misc_feat_rugged, uniq_josephine
D:11:     layout_grid_maze, serial_rivers, chequers_serial_rivers_small_a,
          chequers_serial_rivers_micro_c, chequers_serial_rivers_room_b,
          chequers_serial_rivers_large_a, minivault_11,
          nicolae_ru_sacrificial_ziggurat, uniq_fannar
D:12:     layout_rooms
D:13:     layout_loops_corners
D:14:     layout_irregular_city, david_vaults_2, serial_column_ruins,
          column_ruins_hut_ruined, column_ruins_hut_water,
          column_ruins_open_small, column_ruins_open_tiny,
          column_ruins_corridor_straight, column_ruins_corridor_T,
          column_ruins_open_tiny, column_ruins_grid_3,
          nicolae_elyvilon_peaceful_grove, serial_shops, nicolae_shop_trees,
          uniq_roxanne, uniq_agnes
D:15:     hangedman_depths_entry_try_elsewhere_first, layout_cave_pools,
          serial_column_ruins, column_ruins_hut, column_ruins_hut,
          column_ruins_grid_1, column_ruins_columns_straight,
          column_ruins_corridor_straight, column_ruins_grid_4,
          column_ruins_open_tiny, serial_shops, shop,
          nicolae_shop_real_fake_doors
Temple:   lightli_temple_of_artemis
Lair:1:   layout_gridlike, nicolae_quartered_pool_super
Lair:2:   layout_regular_city, lemuel_fruit_fields, grunt_megastairs_2,
          uniq_urug
Lair:3:   layout_long_grid, nicolae_shoals_entry_roost, spider_nest_entry_a,
          kennysheep_abandoned_house, infiniplex_staircase_pool,
          grunt_megastairs_4
Lair:4:   layout_regular_city, slime_entry_1, gauntlet_entry_generic,
          lemuel_fruit_tree
Lair:5:   grunt_lair_end_beastmaster, layout_regular_city, basic_altar,
          grunt_forest_small_clearings, serial_bayou_shore_a
Shoals:1: layout_shoals, ebering_ghost_davey_jones, nicolae_shoals_beach_cooler
Shoals:2: layout_shoals, uniq_aizul
Shoals:3: layout_shoals, uniq_polyphemus
Shoals:4: shoals_end_hangedman, layout_shoals
Spider:1: layout_chambers, drop_trap
Spider:2: layout_spider_delve, hellmonk_motheaten_closet
Spider:3: layout_spider_delve, spiders_nest_the_unseen
Spider:4: spider_rune_water, gammafunk_ghost_necromancy
Slime:1:  nicolae_slime_jelly_donut, layout_caves
Slime:2:  layout_caves
Slime:3:  layout_caves
Slime:4:  layout_caves
Slime:5:  slime_pit_nicolae_trefoil
Orc:1:    layout_caves, basic_altar, serial_shops,
          nicolae_shop_just_a_little_nook, nicolae_orc_found_a_spring
Orc:2:    st_orc_mages, layout_diamond_mine, serial_shops,
          nicolae_book_shop_shelving, uniq_erolcha
Elf:1:    eino_elf_arrival_sip, layout_loops_corners, serial_shops, shop,
          serial_sigils, serial_sigils_hangedman_writhe,
          serial_sigils_hangedman_shear, serial_sigils_hangedman_shear,
          serial_sigils_hangedman_shear, serial_sigils_hangedman_clutch,
          serial_sigils_hangedman_leer, nicolae_elf_shapeshifter_party
Elf:2:    nicolae_elf_blades_splatter_lattice [nicolae_blade_little_rooms],
          layout_loops_cross, billiards_dpeg
Elf:3:    minmay_elf_hall, layout_loops_cross, serial_glass, glass_columns_c,
          glass_columns_a, glass_columns_b, glass_columns_c, glass_columns_a,
          glass_columns_a, uniq_nikola, uniq_louise
Vaults:1: hangedman_vaults_stream, ontoclasm_vaults_shuriken,
          nicolae_vaults_hexular_roomagon, nicolae_vaults_storage_closets_1,
          v_rooms_5, ontoclasm_vaults_gallery, nicolae_vaults_network_s,
          hangedman_vaults_river_flow, nicolae_vaults_twisting_passages,
          nicolae_vaults_variable_pillar_hall, nicolae_vaults_two_Ls,
          layout_vaults_ring, uniq_zenata, uniq_norris, uniq_asterion
Vaults:2: v_alt_pattern_6, v_misc_18, v_misc_22, grunt_vaults_hallway_short,
          vaults_room_fours, ontoclasm_vaults_chip, v_misc_8,
          blue_anna_dwarven_crypt, nicolae_vaults_variable_pillar_hall,
          layout_vaults_omnigrid, serial_shops, shop
Vaults:3: nicolae_vaults_yaktaur_gun_rack, hangedman_vaults_stagger,
          vaults_room_door_ring, v_misc_1, vaults_room_corners,
          nicolae_vaults_variable_pillar_hall_cross,
          nicolae_vaults_tetromino_L_1, nicolae_vaults_circle_grid_a,
          nicolae_vaults_three_branches, nicolae_vaults_diamond_2,
          layout_vaults_big_room, serial_shops, shop_statue, enter_trove_1
Vaults:4: st_cells, nicolae_vaults_trapezoid_lopsided_4, v_alt_pattern_6,
          vaults_room_ringed_pool, v_misc_19,
          nicolae_vaults_offset_grid_hallway_1, nicolae_vaults_network_square,
          nicolae_vaults_offset_grid_hallway_3,
          nicolae_vaults_heart-shaped_vault, nicolae_vaults_surprise_closet,
          nicolae_vaults_meiosis, vaults_room_pool,
          nicolae_vaults_more_shelving_1, layout_vaults_omnibox
Vaults:5
Crypt:1:  layout_basic
Crypt:2:  ragdoll_tomb_raider, layout_rooms, gammafunk_ghost_split
Crypt:3:  church_of_pain_bobbens, layout_chaotic_city
Depths:1: layout_roguey, enter_ziggurat_e, hell_entry, grunt_pan_entry_spiral,
          okawaru_trees_1, tekkud_shop_of_orbs, hangedman_decor_cross_pass
Depths:2: cheibrodos_quadrivalence, layout_cave_shapes, hangedman_geh_valley,
          grunt_pan_entry_in_and_out, abyss_entry_glasseish,
          minmay_misc_feat_four_crosses, uniq_josephina, uniq_grunn
Depths:3: hangedman_spin_cycle, abyss_entry, hell_entry
Depths:4: evilmike_zot_entry_argh, layout_small_grid,
          abyss_entry_small_statue_room, amcnicky_mini_rare_corridor_liquid,
          grunt_mini_vestibule, lightli_enter_wizlab_magi_temple,
          uniq_enchantress
Zot:1:    layout_onion
Zot:2:    layout_onion, regret_index_zotdec_twisting_globes
Zot:3:    grunt_twist_and_shout, layout_concentric_octagons,
          regret_index_zotdec_barnacled_simple, st_stairs_14,
          regret_index_zotdec_tunneler
Zot:4:    layout_gridlike, grunt_megastairs_1
Zot:5:    layout_concentric_octagons, regret_index_zotdec_slimy_original,
          grunt_ministairs_9

Skill      XL: |  1  2  3  4  5  6  7  8  9 10 11 12 13 14 15 16 17 18 19 20 21 22 23 24 25 26 27 |
---------------+----------------------------------------------------------------------------------+-----
Long Blades    | 3 4 5 7 8 9 10 11 12 13 14 15 16 17 18 19 20 21 22 | 22.0
Dodging        | 2 3 5 6 7 8 9 10 11 12 13 14 15 16 | 16.7
Translocations | 3 4 5 6 7 8 9 10 11 12 13 14 15 16 27 | 27.0
Armour         | 2 4 5 7 8 9 10 11 12 13 14 15 16 17 18 | 18.4
Fighting       | 4 6 7 8 9 10 11 12 13 14 15 16 17 18 19 | 19.3
Spellcasting   | 4 5 |  5.0
Invocations    | 1 4 6 7 8 9 10 11 12 13 14 | 14.0
Shields        | 1 4 6 8 9 10 12 13 15 16 17 19 20 | 20.0
Evocations     | 3 4 6 7 8 9 10 11 12 13 | 13.4
Throwing       | 3 4 5 6 7 8 9 10 11 12 | 12.6

Action                     |  1- 3 |  4- 6 |  7- 9 | 10-12 | 13-15 | 16-18 | 19-21 | 22-24 | 25-27 || total
---------------------------+-------+-------+-------+-------+-------+-------+-------+-------+-------++-------
  Melee: Falchion          |   104 |       |   381 |       |       |       |       |       |       ||   485
         Short sword       |    10 |   111 |    41 |    15 |       |       |       |       |       ||   177
         Quarterstaff      |       |       |    19 |       |       |       |       |       |       ||    19
         Long sword        |       |       |    48 |   751 |  1589 |  1955 |       |       |       ||  4343
         Glaive            |       |       |       |       |    17 |    14 |       |       |       ||    31
         Great sword       |       |       |       |       |       |   297 |  2093 |  2224 |       ||  4614
         Triple sword      |       |       |       |       |       |       |       |       |  4007 ||  4007
  Throw: Boomerang         |       |       |     1 |     3 |       |     1 |    12 |     7 |   119 ||   143
         Throwing net      |       |       |       |     5 |       |       |       |       |       ||     5
         Dart              |       |       |       |    20 |     4 |    38 |     3 |    10 |     1 ||    76
         Javelin           |       |       |       |       |       |       |     1 |       |     7 ||     8
   Cast: Manifold Assault  |       |       |       |       |    13 |    32 |    57 |    50 |    60 ||   212
         Teleport Other    |       |       |       |       |       |     2 |       |       |       ||     2
         Lesser Beckoning  |       |       |       |       |       |    26 |   112 |    99 |    40 ||   277
         Passage of Golubr |       |       |       |       |       |       |       |     3 |       ||     3
         Dimensional Bulls |       |       |       |       |       |       |       |       |     3 ||     3
         Dispersal         |       |       |       |       |       |       |       |       |     5 ||     5
 Invoke: Slouch            |       |       |       |       |     9 |    18 |    16 |     5 |     1 ||    49
         Step From Time    |       |       |       |       |       |       |       |     2 |     4 ||     6
Ability: Dig               |       |       |     1 |     3 |     5 |     7 |     7 |     4 |    17 ||    44
         Shaft Self        |       |       |       |     1 |       |       |       |       |     1 ||     2
  Evoke: Wand              |       |       |       |       |       |     1 |    12 |    16 |     5 ||    34
         Lightning rod     |       |       |       |       |       |       |     4 |     2 |     3 ||     9
         Phial of floods   |       |       |       |       |       |       |       |       |     1 ||     1
    Use: Scroll            |       |       |     2 |     9 |     7 |     9 |     3 |     3 |    44 ||    77
         Potion            |       |       |       |       |     3 |     4 |     5 |     2 |    20 ||    34
   Stab: Sleeping          |     1 |       |     1 |     1 |     1 |     1 |     3 |     2 |     3 ||    13
         Confused          |       |       |     1 |       |       |       |     1 |       |     1 ||     3
         Held in net/web   |       |       |       |     2 |       |       |       |       |       ||     2
         Distracted        |       |       |       |       |     1 |     1 |     1 |     1 |     1 ||     5
         Petrified         |       |       |       |       |       |       |     5 |       |       ||     5
         Invisible         |       |       |       |       |       |       |     5 |       |       ||     5
         Paralysed         |       |       |       |       |       |       |     1 |       |       ||     1
         Fleeing           |       |       |       |       |       |       |       |     1 |       ||     1
 Armour: Leather armour    |    17 |       |       |       |       |       |       |       |       ||    17
         Ring mail         |    64 |    33 |   289 |   208 |       |       |       |       |       ||   594
         Swamp dragon scal |       |       |       |   158 |   678 |   996 |  1018 |   601 |   218 ||  3669
         Skin              |       |       |       |       |       |       |       |       |    36 ||    36
         Fire dragon scale |       |       |       |       |       |       |       |       |    23 ||    23
         Gold dragon scale |       |       |       |       |       |       |       |       |  1187 ||  1187
  Dodge: Dodged            |    71 |    36 |   305 |   722 |  1576 |  2220 |  1418 |   733 |  1725 ||  8806
  Block: Buckler           |       |       |       |    91 |   666 |  1197 |   658 |       |       ||  2612
         Tower shield      |       |       |       |       |       |       |   808 |  2264 |  4464 ||  7536

Table legend: (Time is in decaauts)
 A = Elapsed time spent in this place.
 B = Non-inter-level travel time spent in this place.
 C = Inter-level travel time spent in this place.
 D = Time resting spent in this place.
 E = Time spent auto-exploring this place.
 F = Levels seen in this place.
 G = Mean time per level.
                   A        B        C        D        E       F      G
               +--------+--------+--------+--------+--------+-----+--------+
         Total | 101001 |  84694 |  16307 |   3274 |  45685 |  59 | 1711.9 |
       Dungeon |  22830 |  16262 |   6568 |    533 |  11536 |  15 | 1522.0 |
        Temple |     29 |     29 |      0 |      0 |      0 |   1 |   29.0 |
          Lair |  10282 |   8523 |   1759 |    200 |   5761 |   5 | 2056.4 |
        Shoals |   7618 |   6698 |    920 |    149 |   1971 |   4 | 1904.5 |
   Spider Nest |   7344 |   6486 |    858 |    311 |   3491 |   4 | 1836.0 |
    Slime Pits |   2657 |   2131 |    526 |    211 |    406 |   5 |  531.4 |
  Orcish Mines |   2639 |   2375 |    264 |     90 |   1420 |   2 | 1319.5 |
   Elven Halls |   7648 |   6981 |    667 |    206 |   2820 |   3 | 2549.3 |
        Vaults |  14238 |  12217 |   2021 |    321 |   6862 |   5 | 2847.6 |
         Crypt |   5403 |   4986 |    417 |    376 |   2914 |   3 | 1801.0 |
        Depths |   8576 |   7219 |   1357 |    296 |   3005 |   4 | 2144.0 |
           Zot |   9182 |   8237 |    945 |    329 |   5196 |   5 | 1836.4 |
        Bailey |    467 |    467 |      0 |     64 |     19 |   1 |  467.0 |
        Wizlab |   1198 |   1198 |      0 |     83 |    262 |   1 | 1198.0 |
      Gauntlet |    883 |    883 |      0 |    101 |     18 |   1 |  883.0 |
               +--------+--------+--------+--------+--------+-----+--------+

Top non-repeatable levels by time:
Vaults:4: 3985 daAuts
Vaults:1: 3375 daAuts
   Elf:3: 3331 daAuts
    D:11: 3189 daAuts
Vaults:2: 2781 daAuts
Shoals:1: 2775 daAuts
Spider:1: 2644 daAuts
Spider:4: 2573 daAuts
    D:10: 2471 daAuts
Depths:2: 2433 daAuts
   Zot:5: 2421 daAuts
  Lair:3: 2385 daAuts
    D:14: 2356 daAuts
   Elf:2: 2309 daAuts
Vaults:3: 2302 daAuts
